 Dungeon Crawl Stone Soup version 0.26.1-2-gb8aa6d0cf2 (webtiles) character file.

Game seed: 4102414303717792305

116 windgrace the Shield-Bearer (level 5, -2/42 HPs)
             Began as a Formicid Fighter on Feb 12, 2021.
             Slain by a scorpion (5 damage)
             ... on level 2 of the Dungeon.
             The game lasted 00:09:47 (1417 turns).

windgrace the Shield-Bearer (Formicid Fighter)      Turns: 1417, Time: 00:09:47

Health: -2/42      AC:  7    Str: 22    XL:     5   Next: 21%
Magic:  5/5        EV:  8    Int:  7    God:
Gold:   67         SH:  9    Dex: 10    Spells: 4/4 levels left

rFire    . . .     SeeInvis +   a - +0 trident
rCold    . . .     Faith    .   c - +0 kite shield
rNeg     + . .     Spirit   .   b - +0 scale mail
rPois    .         Reflect  .   (helmet unavailable)
rElec    .         Harm     .   (no cloak)
rCorr    .         Rampage  .   (no gloves)
Will     .....                  (no boots)
Stlth    ..........             m - amulet of inaccuracy (curse)
HPRegen  0.14/turn              i - ring of positive energy
MPRegen  0.09/turn              (no ring)

@: lethally poisoned (-2 -> -3)
A: permanent stasis, dig shafts and tunnels, four strong arms, antennae 3
a: Dig, Shaft Self


You were on level 2 of the Dungeon.
You visited 1 branch of the dungeon, and saw 2 of its levels.

You collected 67 gold pieces.

Inventory:

Hand Weapons
 a - a +0 trident (weapon)
Missiles
 k - 3 curare-tipped darts
 l - 18 poisoned darts
Armour
 b - a +0 scale mail (worn)
 c - a +0 kite shield (worn)
Jewellery
 i - a ring of positive energy (left hand)
 m - a cursed amulet of inaccuracy (around neck)
Scrolls
 g - a scroll of immolation
Potions
 d - a potion of might
 f - 3 potions of curing {unknown}
 h - a potion of degeneration


   Skills:
 + Level 4.1 Fighting
 + Level 3.0 Polearms
 + Level 4.1 Armour
 + Level 4.5 Shields


You had 4 spell levels left.
You didn't know any spells.
Your spell library was empty.

Dungeon Overview and Level Annotations

Branches:
Dungeon (2/15)

Altars:
Gozag


Innate Abilities, Weirdness & Mutations

You cannot be hasted, slowed, berserked, paralysed or teleported.
You can dig through walls and to a lower floor.
Your four strong arms can wield two-handed weapons with a shield.
You have a pair of large antennae on your head. (SInv)


Message History

You feel sick.
You feel sick.
You feel sick.
You see here a mace.
You feel sick.
You feel sick.
You feel sick.
You see here a rat corpse.
You feel sick.
You feel sick.
You feel sick.
You feel sick.
You feel sick.
You feel sick.
You feel sick.
A goblin comes into view. It is wielding a +0 mace.
You miss the scorpion.
The scorpion is almost dead.
The scorpion stings you.
You die...

######..#####
#...........####
#.#.#..<........
.....##g...####
#...#)#.......#
#...###.......#
#.. #...######
#.. #...# #.@.##
##s).# #...##
##...# #...##
#.....# ##...##
#....!# ##...##
#.....# ##...##
#.....# ##...##


You could see a scorpion and a goblin.

Vanquished Creatures
  3 gnolls (D:2)
  4 adders (D:2)
  A worm (D:2)
  3 dart slugs
  2 giant cockroaches
  7 goblins
  6 hobgoblins
  3 jackals (D:1)
  6 bats
  4 frilled lizards
  2 kobolds
  5 rats
46 creatures vanquished.

Notes
Turn   | Place    | Note
-------+----------+-------------------------------------------
     0 | D:1      | windgrace the Formicid Fighter began the quest for the Orb.
     0 | D:1      | Reached XP level 1. HP: 18/18 MP: 1/1
    62 | D:1      | Reached XP level 2. HP: 24/24 MP: 2/2
   294 | D:1      | Reached XP level 3. HP: 27/29 MP: 3/3
   391 | D:1      | You fall into a shaft and drop 1 floor!
   657 | D:2      | Reached XP level 4. HP: 37/37 MP: 4/4
  1079 | D:2      | Reached XP level 5. HP: 42/42 MP: 5/5
  1109 | D:2      | Found an opulent altar of Gozag.
  1416 | D:2      | HP: 2/42 [poisoned by a scorpion]
  1417 | D:2      | Slain by a scorpion

Illustrated notes

Levels and vault maps discovered:
D:1:      shiori_arrival_oz, layout_rooms, kennysheep_nondescript
D:2:      layout_basic, nicolae_overflow_crystal_walls, serial_curves,
          eino_curves_01, eino_curves_01

Skill      XL: |  1  2  3  4  5 |
---------------+----------------+-----
Shields        | 4 |  4.5
Armour         | 4 |  4.1
Fighting       | 4 |  4.1
Polearms       | 3 |  3.0

Action                   |  1- 3 |  4- 6 || total
-------------------------+-------+-------++-------
Melee: Trident           |    69 |    88 ||   157
 Abil: Dig               |     3 |     2 ||     5
  Use: Scroll            |       |     3 ||     3
 Stab: Distracted        |       |     1 ||     1
Armor: Scale mail        |     8 |    16 ||    24
Dodge: Dodged            |    14 |    15 ||    29
Block: Kite shield       |    26 |    25 ||    51
